 Dungeon Crawl Stone Soup version 0.31.0-11-ge490571c62 (webtiles) character file.

Game seed: 8300896111213972937

161 bnnuy the Cutter (level 5, -2/41 HPs)
             Began as a Human Fighter on Feb 4, 2024.
             Killed from afar by Robin (11 damage)
             ... with a puff of flame
             ... on level 2 of the Dungeon.
             The game lasted 00:04:48 (1632 turns).

bnnuy the Cutter (Human Fighter)                    Turns: 1632, Time: 00:04:49

Health: -2/41      AC:  6    Str: 23    XL:     5   Next: 42%
Magic:  5/5        EV:  9    Int:  8    God:
Gold:   148        SH:  5    Dex: 14    Spells: 4/4 levels left

rFire   . . .        i - +1 dagger (venom)
rCold   . . .        c - +0 buckler
rNeg    . . .        b - +0 scale mail
rPois   .            (no helmet)
rElec   .            (no cloak)
rCorr   .            (no gloves)
SInv    .            (no boots)
Will    .....        (no amulet)
Stlth   +            e - +6 ring of strength
HPRegen 0.26/turn    (no ring)
MPRegen 0.09/turn

%: no passive effects
@: no status effects
A: explore regen
a: no special abilities


You were on level 2 of the Dungeon.
You visited 1 branch of the dungeon, and saw 5 of its levels.

You collected 148 gold pieces.

Inventory:

Hand Weapons
 a - a +0 rapier
 i - a +1 dagger of venom (weapon)
Missiles
 j - a throwing net (quivered)
Armour
 b - a +0 scale mail (worn)
 c - a +0 buckler (worn)
Jewellery
 e - a +6 ring of strength (left hand)
Scrolls
 f - a scroll of summoning {unknown}
 g - a scroll of teleportation {unknown}
 h - 2 scrolls of identify {unknown}
Potions
 d - a potion of might
 k - a potion of enlightenment {unknown}


   Skills:
 - Level 3.0 Fighting
 + Level 4.6 Short Blades
 - Level 3.0 Armour
 + Level 2.8 Stealth
 - Level 3.0 Shields


You had 4 spell levels left.
You didn't know any spells.
Your spell library was empty.

Dungeon Overview and Level Annotations

Branches:
Dungeon (5/15)
 Temple: D:4-7

Altars:

Annotations:
D:2 Robin


Innate Abilities, Weirdness & Mutations

You regain HP and MP as you explore.


Message History

You are too injured to fight recklessly!
You are too injured to fight recklessly!
You are too injured to fight recklessly!
You are too injured to fight recklessly!
You are too injured to fight recklessly!
You are too injured to fight recklessly!
You are too injured to fight recklessly!
You are too injured to fight recklessly!
You are too injured to fight recklessly!
You are too injured to fight recklessly!
You are too injured to fight recklessly!
You are too injured to fight recklessly!
You are too injured to fight recklessly!
You are too injured to fight recklessly!
You are too injured to fight recklessly!
Unknown command.
You hit the goblin.
You kill the goblin!
You barely miss Robin. You block Robin's attack.
You hit Robin.
Robin is lightly wounded.
Robin zaps a wand.
The puff of flame hits you.
You hit Robin.
Robin is poisoned.
Robin is lightly wounded.
You barely miss Robin.
Robin is moderately wounded.
Robin zaps a wand.
The puff of flame hits you.
You barely miss Robin.
Robin is moderately wounded.
Robin zaps a wand.
The puff of flame hits you!
* * * LOW HITPOINT WARNING * * *
Items here: ))) †††.
Things that are here:
a +0 dagger; a +0 sling; a hobgoblin corpse Robin zaps a wand.
You block the puff of flame.
Things that are here:
a +0 dagger; a goblin corpse Robin zaps a wand.
The puff of flame hits you!
You die...
Robin calls out, "Let's celebrate!
Time for a feast!"

##########################
#..)))g).@......[.........
#..)###############..#####
#..... #..# #.....
######..##### #...>>
............. ###...
#############..#### #.(.
#.........<........ #..#
#.###########..#### #.#
#......


You could see Robin (very poisoned).

Vanquished Creatures
  Jessica (D:2)
  2 iguanas
  An adder (D:3)
  2 dart slugs (D:1)
  A ribbon worm (D:4)
  3 orcs (D:3)
  An endoplasm (D:1)
  3 giant cockroaches
  13 goblins
  6 hobgoblins
  6 jackals
  A quokka (D:1)
  6 ball pythons
  A bat (D:1)
  3 frilled lizards (D:1)
  7 kobolds
  3 rats
60 creatures vanquished.

Notes
Turn   | Place    | Note
-------+----------+-------------------------------------------
     0 | D:1      | bnnuy the Human Fighter began the quest for the Orb.
     0 | D:1      | Reached XP level 1. HP: 18/18 MP: 1/1
   107 | D:1      | Reached XP level 2. HP: 19/24 MP: 2/2
   146 | D:1      | Reached skill level 3 in Short Blades
   208 | D:1      | Reached XP level 3. HP: 29/29 MP: 3/3
   654 | D:1      | Found a faded altar of an unknown god.
  1008 | D:2      | You fall into a shaft and drop 2 floors!
  1024 | D:4      | Reached skill level 4 in Short Blades
  1024 | D:4      | Reached skill level 1 in Stealth
  1024 | D:4      | Reached XP level 4. HP: 21/35 MP: 4/4
  1087 | D:5      | Entered Level 5 of the Dungeon
  1321 | D:3      | Reached XP level 5. HP: 41/41 MP: 5/5
  1491 | D:2      | Noticed Jessica
  1496 | D:2      | Killed Jessica
  1612 | D:2      | Noticed Robin
  1632 | D:2      | Killed from afar by Robin

Illustrated notes

Levels and vault maps discovered:
D:1:      saegor_arrival_simple_b, layout_loops_ring,
          shapermc_ecumenical_altar_hornbeckon
D:2:      layout_loops_ring, uniq_jessica, uniq_terence, uniq_robin
D:3:      layout_basic, serial_shops, shop
D:4:      layout_basic, lemuel_tele_altar, ebering_ghost_disaster_area,
          serial_bayou_pond_b, chequers_serial_rivers_micro_e, st_stairs_1,
          chequers_serial_rivers_room_b
D:5:      layout_cave_pools, mainiacjoe_overflow_catwalk_spiral, serial_glass,
          glass_columns_c, glass_columns_b, glass_columns_a, glass_columns_c

Skill      XL: |  1  2  3  4 |
---------------+-------------+-----
Short Blades   | 3 4 |  4.6
Stealth        | 1 2 |  2.8
Fighting       | |  3.0
Armour         | |  3.0
Shields        | |  3.0

Action                     |  1- 3 |  4- 6 || total
---------------------------+-------+-------++-------
  Melee: Rapier            |    88 |       ||    88
         Dagger            |    37 |    78 ||   115
 Armour: Scale mail        |    58 |    43 ||   101
  Dodge: Dodged            |    47 |    21 ||    68
  Block: Buckler           |    28 |    12 ||    40
